[Event "Dutch Open 2022"]
[Site "Dieren"]
[Date "2022.07.30"]
[Round "5.16"]
[White "Ochs, Daniel Elias"]
[Black "Saketh, Pedagandham"]
[Result "0-1"]
[ECO "E05"]
[WhiteElo "2156"]
[BlackElo "1928"]
[Annotator "TA"]
[PlyCount "66"]
[EventDate "2022.07.14"]
[EventType "swiss"]
[EventCountry "NED"]
[SourceTitle "playchess.com"]
[Source "ChessBase"]
[SourceQuality "1"]
[TimeControl "40/5400+30:1800+30"]

1. d4 Nf6 2. Nf3 e6 3. c4 d5 4. g3 Be7 5. Bg2 O-O 6. O-O dxc4 7. Qc2 a6 8. a4 Bd7 9. Qxc4 Bc6 10. Bf4 Nbd7 11. Nc3 {[%emt 0:01:39] 11.Qc1 deserves study.} Nb6 {[%emt 0:00:08] E05: Open Catalan: 5 Nf3 Be7.} 12. Qb3 Nfd5 13. Bd2 Nxc3 {[%emt 0:10:11] The position is equal.} 14. bxc3 a5 15. Ne5 Bxg2 16. Kxg2 Qd5+ 17. Qxd5 exd5 {[%emt 0:00:03] [#]} 18. Bf4 $146 ({Predecessor:} 18. Rfb1 Bd6 19. Nd3 Rfe8 20. Kf1 Nc4 21. Ke1 b6 22. Nb2 Na3 23. Rc1 b5 24. axb5 Nxb5 {1-0 (70) Khusenkhojaev,M (2456)-Varshini,V (2129) Bhubaneswar 2018}) 18... Bd6 (18... g5 $5 19. Bc1 Kg7 $11) 19. Nd3 Bxf4 20. gxf4 Nc4 21. Rfc1 f6 22. Ra2 Rfe8 23. e3 Ra6 24. Rb1 Nd6 25. Nc5 Rb6 26. Rab2 Rxb2 27. Rxb2 $15 {[%emt 0:00:05][%mdl 4096] Endgame KRN-KRN} b6 28. Nb3 Nc4 29. Rc2 {[%emt 0:01:31] [#] Loses the game.} (29. Ra2 $17 {was necessary.}) 29... Rxe3 $1 $19 30. fxe3 $2 (30. Nc1) 30... Nxe3+ {[%emt 0:00:07] Black is clearly winning.} 31. Kf2 Nxc2 32. Ke2 Na3 33. Nd2 Nc4 {[%emt 0:02:59] Weighted Error Value: White=0.41/Black=0.02 (flawless)} 0-1

[Event "Dutch Open 2022"]
[Site "Dieren"]
[Date "2022.07.30"]
[Round "5.17"]
[White "Op den Dries, Johan"]
[Black "Kohler, Aran"]
[Result "1-0"]
[ECO "D00"]
[WhiteElo "2104"]
[BlackElo "2121"]
[Annotator "TA"]
[PlyCount "67"]
[EventDate "2022.07.14"]
[EventType "swiss"]
[EventCountry "NED"]
[SourceTitle "playchess.com"]
[Source "ChessBase"]
[SourceQuality "1"]
[TimeControl "40/5400+30:1800+30"]

1. d4 d5 2. e3 Nf6 3. Bd3 c5 4. c3 Nc6 5. f4 cxd4 6. exd4 Bg4 7. Nf3 e6 8. O-O Bd6 {[%emt 0:00:10] D00: 1 d4 d5: Unusual lines.} 9. Qe1 Bxf3 10. Rxf3 Qc7 {[%emt 0:00:25] The position is equal.} 11. Be3 Ne4 12. Nd2 f5 13. Qh4 Be7 {[%emt 0:05:08] [#]} 14. Qh5+ $146 ({Predecessor:} 14. Qe1 O-O-O 15. a3 g5 16. c4 g4 17. Rf1 Bf6 18. Rc1 Qg7 19. b4 Kb8 20. Nb3 Nxd4 {0-1 (40) Diller,P (1868)-Werner,T (1852) Mittelfranken 2010}) 14... g6 15. Qh3 Nd8 16. Bb5+ Kf7 17. Nxe4 dxe4 18. Rf2 a6 19. Ba4 {[%emt 0:01:37] aiming for Rd1.} b5 (19... Nc6 $11) 20. Bb3 $14 h5 (20... Kg7 $14) 21. Rd1 {[%emt 0:02:08] [#] Hoping for d5.} Re8 $2 {[%emt 0:01:39] This costs Black the game.} (21... a5 $16 {was necessary.}) 22. g4 $18 fxg4 23. Qg2 Kg7 24. Qxe4 Qb7 {[%emt 0:03:43] [#]} (24... Nf7 25. Bc2 (25. Qxe6 $2 Bh4 $19) (25. Bxe6 Nd6 $11) 25... Nh8) 25. d5 $1 {[%emt 0:05:27] Black must now prevent Bc2.} Nf7 (25... Rf8 $142 26. Bc2 Rf5 27. dxe6 Qxe4 28. Bxe4 Rc8) 26. Bc2 exd5 27. Qxg6+ Kf8 28. Bd4 Bh4 29. Bg7+ {[%emt 0:07:57] This bishop pair is nice. White mates.} Ke7 30. Re2+ Kd8 31. Rxe8+ Kxe8 32. Qe6+ Be7 33. Bg6 Rd8 34. Bxf7# {[%emt 0:00:06] Weighted Error Value: White=0.05 (flawless) /Black=0.83} 1-0

[Event "Dutch Open 2022"]
[Site "Dieren"]
[Date "2022.08.01"]
[Round "6.1"]
[White "De Winter, Arthur"]
[Black "Van Roon, Sjoerd"]
[Result "1-0"]
[ECO "B33"]
[WhiteElo "2150"]
[BlackElo "2310"]
[Annotator "TA"]
[PlyCount "93"]
[EventDate "2022.07.14"]
[EventType "swiss"]
[EventCountry "NED"]
[SourceTitle "playchess.com"]
[Source "ChessBase"]
[SourceQuality "1"]
[TimeControl "40/5400+30:1800+30"]

1. e4 c5 2. Nf3 e6 3. d4 cxd4 4. Nxd4 Nf6 5. Nc3 Nc6 6. Ndb5 d6 7. Bf4 e5 8. Bg5 a6 9. Na3 b5 10. Bxf6 gxf6 11. Nd5 f5 12. g3 Bg7 {[%emt 0:05:14] is more profitable than 12...fxe4 at the moment.} 13. Bg2 Ra7 {[%emt 0:00:42] B33: Sicilian: Pelikan and Sveshnikov Variations.} (13... fxe4 $11 {remains equal.} 14. Bxe4 Be6) 14. exf5 $16 Bxf5 15. Ne3 {[%emt 0:00:41][%csl LRc6,LRf5] Pair of Knights!} Ne7 {[%emt 0:00:13] White is better.} 16. Nxf5 Nxf5 17. Qg4 Qf6 18. Bc6+ Kf8 19. Be4 ({Better is} 19. O-O $14) 19... Ne7 $1 $11 {[%emt 0:02:41] [#]} 20. Rd1 $146 ({Predecessor:} 20. c4 bxc4 21. Nxc4 Rc7 22. Ne3 h5 23. Qe2 Qe6 24. Qxa6 f5 25. Bg2 f4 26. Nd5 Nxd5 27. Qa8+ {½-½ (113) Pecurica,M (2328)-Djurovic,P (2136) Podgorica 2021}) 20... h5 21. Qe2 Qe6 22. c4 f5 23. Bd5 $36 {[%emt 0:07:08][%mdl 2048] White has some pressure.} Nxd5 24. Rxd5 {[%emt 0:00:24] Threatens to win with 0-0.} bxc4 25. Qd1 Ke7 (25... c3 $5 ) 26. Nxc4 Rd7 27. Qd3 (27. b3 $14) 27... e4 (27... Rc8 $5 28. b3 e4 $14) 28. Qd2 (28. Qd1 $1 $14 {is superior.}) 28... Rc7 $2 {[%emt 0:08:22] White stays focused until the end.} ({Black should play} 28... h4 $1 $11) 29. b3 (29. Nxd6 $142 Be5 30. Qg5+ Kd7 31. Rd1 $1 (31. Qxf5 $2 Bxd6 32. O-O Qxf5 $19) 31... Bxd6 32. Qg7+ Qe7 33. Qxh8) 29... Rd8 {[%emt 0:01:30] [#]} (29... Qh6 $142) 30. O-O $1 $16 {[%emt 0:02:04] And now Rd1 would win.} ({Inferior is} 30. Qg5+ Bf6 31. Qd2 (31. Qxf5 Qxf5 32. Rxf5 d5 $15) 31... Bc3 32. Qxc3 Qxd5 $11) 30... h4 (30... Rc5 $142 31. Ne3 Be5) 31. Rd1 $18 hxg3 32. hxg3 Rc6 33. Qf4 Rxc4 $2 (33... Kf7 34. Rxf5+ Kg8) 34. bxc4 Be5 35. Qh4+ Kd7 36. c5 Kc8 37. cxd6 {[%emt 0:00:00] Threatening mate with Rc5+.} Rd7 38. Qg5 {[%emt 0:00:00] Intending Rc5+ and mate.} Rxd6 39. Rxd6 Bxd6 {[%emt 0:00:03][%mdl 4096] Endgame KQR-KQB} 40. Qd2 Kd7 41. Qd5 {[%emt 0:07:38] White threatens Qb7+ and mate.} Qxd5 42. Rxd5 {[%emt 0:00:05] KR-KB} Ke6 43. Ra5 e3 44. fxe3 {[%emt 0:00:15] White mates.} Bxg3 45. Rxa6+ Kd5 46. Kg2 f4 47. Kf3 {[%emt 0:00:12] Weighted Error Value: White=0.09 (flawless) /Black=0.64} 1-0

[Event "Dutch Open 2022"]
[Site "Dieren"]
[Date "2022.08.01"]
[Round "6.2"]
[White "Lahaye, Rick"]
[Black "Ypma, Peter"]
[Result "1-0"]
[ECO "B26"]
[WhiteElo "2417"]
[BlackElo "2346"]
[Annotator "TA"]
[PlyCount "79"]
[EventDate "2022.07.14"]
[EventType "swiss"]
[EventCountry "NED"]
[SourceTitle "playchess.com"]
[Source "ChessBase"]
[SourceQuality "1"]
[TimeControl "40/5400+30:1800+30"]

1. e4 c5 2. Nc3 Nc6 3. g3 g6 4. Bg2 Bg7 5. d3 e5 6. Be3 d6 7. Qd2 Be6 8. f4 Nd4 {[%emt 0:14:09] B26: Closed Sicilian: 3 g3, lines with early Be3.} 9. Nce2 {[%emt 0:03:34] [#]} Qd7 $146 ({Predecessor:} 9... Ne7 10. c3 Ndc6 11. Nf3 f5 {½-½ (11) Novelli,C (2099)-Cacinschi,A (1949) Capoliveri 2009}) 10. c3 Nxe2 {[%emt 0:00:06] White has an edge.} 11. Nxe2 Bh3 (11... Rc8 $14) 12. Bxh3 $16 Qxh3 13. fxe5 Bxe5 14. d4 ({Better is} 14. O-O-O $16) 14... cxd4 $11 15. cxd4 Bg7 16. Qb4 Qd7 $1 17. Bf4 Nf6 18. Nc3 Rd8 (18... O-O $5 ) 19. O-O {[%emt 0:02:06] Threatens to win with Bg5.} O-O 20. Bg5 Qe6 21. Rae1 $36 {[%emt 0:00:41][%mdl 2048] White has the initiative.} (21. Qxb7 $2 Rb8 22. Qa6 (22. Qxa7 $2 Rxb2 23. Qa3 Nxe4 $19) 22... Nxe4 $19) 21... Rc8 22. d5 $1 (22. Qxb7 Rb8 23. Qxa7 Rxb2 24. Bxf6 (24. Rf2 $2 Rxf2 25. Kxf2 Qh3 $19) 24... Bxf6 $11) 22... Qe5 23. Bf4 Qh5 24. Bxd6 Ng4 25. h4 {[%emt 0:01:03] Active counter play!} Rfe8 (25... Ne5 $142) 26. Qxb7 Bd4+ {[%emt 0:02:52] [#]} (26... g5 $16) 27. Kg2 $1 $18 g5 28. Rf5 Ne3+ {[%emt 0:00:35] [#]} 29. Rxe3 $1 Bxe3 {[%emt 0:00:03] [#]} 30. Bc7 $1 {[%emt 0:06:15] Hoping for d6. Really sharp!} Qg6 (30... Qg4 {is tougher.}) 31. hxg5 Bb6 $2 (31... Bc5 32. d6 Bxd6 33. Bxd6 Qxd6 34. Qxf7+ Kh8 35. Qf6+ Qxf6 36. gxf6 Re6) 32. Bxb6 (32. d6 $142 Rxc7 33. dxc7) 32... axb6 33. Rf6 Qh5 (33... Qxg5 $142 34. Qxf7+ Kh8) 34. d6 ({Less strong is} 34. Qxb6 Rb8 35. Qf2 Qxg5 $16) (34. g6 fxg6 35. Qf7+ (35. Qxb6 Rb8 $16) 35... Kh8 $16) 34... Rcd8 35. g6 Rf8 36. gxh7+ (36. Qxb6 fxg6 37. Qb3+ Kh8 38. Rxf8+ Rxf8 $14) 36... Kxh7 $2 (36... Kh8 37. Qd5 (37. Qxb6 Qe5 $18) 37... Qxd5 38. Nxd5 Kxh7) 37. Qd5 $2 (37. Rf5 Qh6 38. e5 (38. Rxf7+ Kg6 $16)) 37... Qg4 (37... Qxd5 38. Nxd5 Kg7) 38. Rf5 {[%emt 0:01:01] White is clearly winning.} Kg6 39. d7 {[%emt 0:00:29] Black must now prevent Qd6+.} f6 40. Qe6 {[%emt 0:00:13] Weighted Error Value: White=0.37/Black=0.54} 1-0

[Event "Dutch Open 2022"]
[Site "Dieren"]
[Date "2022.08.01"]
[Round "6.3"]
[White "Domalchuk-Jonasson, Aleksandr"]
[Black "Gilmanov, Mansur"]
[Result "1/2-1/2"]
[ECO "B38"]
[WhiteElo "2244"]
[BlackElo "2377"]
[Annotator "TA"]
[PlyCount "169"]
[EventDate "2022.07.14"]
[EventType "swiss"]
[EventCountry "NED"]
[SourceTitle "playchess.com"]
[Source "ChessBase"]
[SourceQuality "1"]
[TimeControl "40/5400+30:1800+30"]

1. d4 Nf6 2. c4 g6 3. Nc3 Bg7 4. e4 d6 5. h3 O-O 6. Be3 c5 7. Nf3 cxd4 8. Nxd4 Nc6 9. Be2 Bd7 10. O-O Nxd4 11. Bxd4 Bc6 12. Qd3 a5 {[%emt 0:01:39] 12...a5 is better than 12...Nd7. B38: Sicilian: Maroczy Bind with 5...Bg7 and 7...0-0.} 13. Nd5 Nd7 14. Bxg7 Kxg7 {[%emt 0:00:11] White has an edge.} 15. Rad1 Kg8 {[%emt 0:03:33] [#]} 16. b3 $146 ({Predecessor:} 16. Kh1 Bxd5 17. exd5 Qb6 18. Rd2 a4 19. Qg3 Qb4 20. Rfd1 Ne5 21. Qh4 Rfe8 22. f4 {0-1 (51) Balkhamishvili,T (2065)-El Debs,F (2503) Washington DC 2015}) 16... Nc5 17. Qe3 e6 18. Nc3 Qe7 19. f4 Rad8 20. Rd2 Rd7 21. Rfd1 Rfd8 22. Bf3 b6 23. g3 Qf8 24. Bg2 Qh6 25. Qf2 Qg7 26. Qe3 Qh6 $1 27. Rf1 Re8 28. Qf2 Qg7 29. Qe3 Qh6 $1 30. Re2 Qg7 31. h4 h5 32. Kh2 Rde7 33. Rd1 Rd7 34. Red2 Red8 35. Ne2 e5 (35... Ba8 $14) 36. f5 $16 gxf5 37. exf5 Bxg2 38. Kxg2 f6 (38... d5 $16 {keeps fighting.}) 39. Nc3 $18 Qg4 40. Nd5 Rf8 41. Qf3 {[%emt 0:08:56] Threatens to win with Qxg4+.} (41. Nxb6 $6 Rg7 42. Rxd6 Ne4 $14) 41... Rg7 42. Qxg4 {[%emt 0:08:23] Active counter play!} (42. Nxb6 Qxh4 43. Nd5 (43. Rh1 Qg5 $15) 43... Qg5 $11) 42... Rxg4 43. Ne3 $1 (43. Nxb6 $6 Ne4 $11) 43... Rg7 44. Kf3 {[%emt 0:00:05] Prevents Ne4.} (44. Rxd6 $18 Ne4 45. Kf3 $1 Nxd6 46. Rxd6) 44... e4+ $16 45. Kg2 $1 Nd3 46. Nd5 Kf7 47. Nc3 d5 48. cxd5 (48. Nxd5 $142 Rfg8 49. Rxd3 exd3 50. Rxd3) 48... Nc5 $2 (48... Rfg8 $16 49. Rxd3 (49. Nxe4 Nc5 $16) 49... exd3 50. Rxd3 Rd8) 49. Re1 Rg4 50. Re3 Rd8 51. Rd4 Re8 52. Kf2 Re5 53. Ke2 Rxf5 54. d6 {[%emt 0:00:30][%cal Bd5d6,Bd6d7][%mdl 32] d7 is the strong threat.} Rg8 (54... Rf3 $142) 55. d7 $1 $18 (55. Nxe4 $6 Nd7 $16) 55... Rd8 56. Nxe4 Nb7 57. Rd6 Re5 $2 (57... Kg7) 58. Rxb6 Nc5 59. Nxf6 (59. Rxf6+ Kg7 $18) 59... Rf5 60. Re8 (60. Rc6 Nxb3 61. Rc8 Nd4+ 62. Ke1 Nc2+ 63. Kd2 Rf2+ 64. Re2 Rxe2+ 65. Kxe2 Nd4+ 66. Ke3 Ne6 67. Rxd8 Nxd8 68. Nxh5 Ke7) 60... Nxd7 61. Rxd8 Nxb6 {[%emt 0:00:05][%mdl 4096] Endgame KRN-KRN} 62. Ne4 Kg7 63. Ke3 Nd5+ 64. Kd4 Nb4 {[%emt 0:00:05] And now ...Nc6+ would win.} 65. Rd7+ Kg6 66. a4 Rf3 {[%emt 0:00:27] Strongly threatening ...Rd3+.} 67. Kc4 {[%emt 0:00:44] Prevents Rd3.} Re3 68. Re7 Nc2 69. Re5 Na3+ 70. Kd4 Nc2+ 71. Kc4 Na3+ 72. Kd5 Rxb3 73. Rg5+ Kh6 74. Nf6 Nc2 75. Ke6 Nd4+ 76. Kf7 Rb7+ 77. Kg8 $2 ({Only move:} 77. Ke8 $18) 77... Ne6 {[%emt 0:01:08] [#]} (77... Rb8+ $11 {remains equal.} 78. Kf7 Rb7+ 79. Ke8 Rb8+ 80. Kd7 Rb7+ 81. Ke8 Rb8+ 82. Kd7 Rb7+ 83. Ke8) 78. Re5 $1 $16 ({Wrong is} 78. Rxa5 $2 Rb8+ 79. Kf7 Nd8+ 80. Ke7 Nc6+ 81. Kd6 Nxa5 $19) ({Don't go for} 78. Rxh5+ $2 Kg6 79. Rb5 Rxb5 80. axb5 Kxf6 $19) 78... Nd4 $2 (78... Rb8+ $14 79. Kf7 Nd8+ 80. Kf8 Nc6+ 81. Re8 Kg6) 79. Rxa5 $2 (79. Rxh5+ Kg6 80. Rg5+ Kxf6 81. Rxa5 Ne6 $11) (79. Nd5 $18 {has better winning chances.}) 79... Kg6 {[%emt 0:00:30] [#] ( -> ...Rb8+)} 80. Ne8 (80. Ra6 $1 $16 Rb8+ 81. Ne8+ Kf5 82. Ra5+ Kg4 83. Rg5+ (83. Kf7 Kxg3 84. Rxh5 Rb4 $16) 83... Kh3 84. Kf7 (84. Rxh5 Rxe8+ 85. Kf7 Ra8 $11)) 80... Ne6 $1 $11 {[%emt 0:00:41] The position is equal.} 81. Ra6 Re7 82. Ra8 Rf7 83. Nd6 Rg7+ 84. Kh8 {[%emt 0:00:01] Hoping for Rg8.} Rh7+ 85. Kg8 {[%emt 0:00:01] Black escapes into a draw.  Weighted Error Value: White=0.13 (very precise) /Black=0.18 (very precise)} 1/2-1/2

[Event "Dutch Open 2022"]
[Site "Dieren"]
[Date "2022.08.01"]
[Round "6.4"]
[White "Burdalev, Kirill"]
[Black "Balaji Sekar"]
[Result "0-1"]
[ECO "E03"]
[WhiteElo "2381"]
[BlackElo "1189"]
[Annotator "TA"]
[PlyCount "94"]
[EventDate "2022.07.14"]
[EventType "swiss"]
[EventCountry "NED"]
[SourceTitle "playchess.com"]
[Source "ChessBase"]
[SourceQuality "1"]
[TimeControl "40/5400+30:1800+30"]

1. d4 Nf6 2. c4 e6 3. g3 d5 4. Bg2 dxc4 5. Qa4+ Nbd7 6. Qxc4 c5 {[%emt 0:01:02] E03: Open Catalan: 5 Qa4+ Nbd7 6 Qxc4.} 7. Nf3 a6 8. Be3 b5 {[%emt 0:14:26] The position is equal.} 9. Qc1 {[%emt 0:05:08][%cal Rd4c5] [#]} Nd5 $146 ({Predecessor:} 9... Qb6 10. dxc5 Bxc5 11. Bxc5 Nxc5 12. O-O Bb7 13. Qe3 O-O 14. Nbd2 Nd5 15. Qd4 Na4 16. Qxb6 Ndxb6 {½-½ (32) Rogers,I (2557)-Bruzon Batista,L (2595) Bled 2002}) 10. Bg5 ({White should play} 10. Nc3 $11 c4 11. Nxd5 exd5 12. O-O) 10... Qb6 $1 $15 11. dxc5 Bxc5 12. O-O Bb7 13. a3 h6 14. Bd2 O-O 15. Nc3 Rac8 16. Qe1 N7f6 {[%emt 0:01:48] Black is more active.} 17. Rc1 Nxc3 18. Rxc3 Ne4 19. Rd3 Bd5 20. Ne5 Qb7 {[%emt 0:04:05] Inhibits Nd7. Threatening ...Nxf2.} 21. Nd7 Rfd8 ({Don't take} 21... Qxd7 22. Bxe4 Rc6 23. Qd1 $14) 22. Bxe4 Rxd7 23. Bxd5 Rxd5 24. Qb1 Rcd8 25. Rxd5 Qxd5 26. Ba5 Rd7 27. Rc1 f5 28. Qc2 Bd4 29. e3 Bf6 30. Qc8+ Kh7 31. Qxa6 (31. Qe8 $11 {keeps the balance.}) 31... Bxb2 $17 32. Rb1 {[%emt 0:00:44] [#]} (32. Rc8 $17 {was worth a try.}) 32... Qc4 $2 33. Bb4 $2 {[%emt 0:01:31][%mdl 8192] Now White is beyond hope.} (33. Rxb2 $11 Qc1+ 34. Kg2 Qxb2 35. Qxe6) 33... Bc1 $19 {[%emt 0:00:16] ( -> ...Rd1+)} 34. Bd6 Qc2 35. Rxc1 Qxc1+ {[%emt 0:00:06][%mdl 4096] Endgame KQR-KQB} 36. Kg2 Qc4 {[%emt 0:00:21] [#] And now ...Qd5+ would win.} 37. Kg1 Qa4 (37... Qg4 $142 {...Qd1+ is the strong threat.} 38. Kg2 Qe4+ 39. Kg1 Qf3) 38. Qxa4 bxa4 {[%emt 0:00:01] KR-KB} 39. Bb4 Rd1+ 40. Kg2 e5 41. f3 $2 (41. h3) 41... Rb1 {[%emt 0:30:10] Black is clearly winning.} 42. Bd6 Rb2+ 43. Kh3 Rb3 44. e4 fxe4 45. fxe4 Re3 46. Kg2 Rxe4 47. Kf3 Rd4 {[%emt 0:00:08] Weighted Error Value: White=0.70/Black=0.27 (precise)} 0-1

[Event "Dutch Open 2022"]
[Site "Dieren"]
[Date "2022.08.01"]
[Round "6.5"]
[White "Maatman, Nick"]
[Black "Stillger, Bernhard"]
[Result "1-0"]
[ECO "E14"]
[WhiteElo "2368"]
[BlackElo "2245"]
[Annotator "TA"]
[PlyCount "113"]
[EventDate "2022.07.14"]
[EventType "swiss"]
[EventCountry "NED"]
[SourceTitle "playchess.com"]
[Source "ChessBase"]
[SourceQuality "1"]
[TimeControl "40/5400+30:1800+30"]

1. d4 Nf6 2. c4 e6 3. Nf3 d5 4. e3 Be7 5. b3 O-O 6. Bd3 b6 7. O-O Bb7 8. Bb2 Nbd7 {[%emt 0:03:08] 8...Nbd7 scores better than 8...c5. E14: Queen's Indian: Classical Variation (4 e3).} 9. Qe2 c5 10. Rd1 Re8 {[%emt 0:08:23] The position is equal.} 11. Nc3 Bf8 12. Rac1 g6 13. cxd5 exd5 14. Ba6 Qc8 15. Bxb7 (15. Bb5 {is interesting.} Bc6 16. Na4 Bxb5 17. Qxb5 Qc7 18. Qa6) 15... Qxb7 16. dxc5 bxc5 17. Qb5 {[%emt 0:00:09] [#]} Qxb5 $146 ({Predecessor:} 17... Nb6 18. Na4 Nfd7 19. Nxc5 Nxc5 20. Rxc5 Bxc5 21. Qxc5 Na4 22. Qd4 Nxb2 23. Qxb2 Rac8 24. h4 Qc6 25. Qd4 Qc5 26. Qf4 Qc7 27. Qh6 f6 {½-½ (27) Minev,N (2390)-Tomkins,K Seattle 1983}) 18. Nxb5 Rec8 {[%emt 0:00:38] Prevents Nc7.} 19. Ne5 a6 (19... c4 $14) 20. Nxd7 {[%emt 0:00:25] White is much more active.} Nxd7 21. Nc3 ({Reject} 21. Rxd5 axb5 22. Rxd7 Rxa2 $15) 21... d4 22. exd4 c4 $1 23. Nd5 cxb3 24. axb3 Rab8 25. Rxc8 Rxc8 26. Rc1 Rb8 27. Rc3 Rb5 28. Ne3 Nb6 29. Kf1 a5 (29... f5 $14) 30. Bc1 $1 $16 Bg7 31. Nc2 Kf8 32. Ba3+ Ke8 33. Re3+ Kd8 34. Bc5 {[%emt 0:00:56] Hoping for Na3.} Nd5 35. Rf3 f5 {[%emt 0:01:06] [#]} 36. Na3 $1 Rb8 37. Nc4 Ra8 38. Nb2 (38. g4 $16) 38... h5 39. Ke2 Ra6 {[%emt 0:00:36] [#] This costs Black the game.} (39... Kc7 $14) 40. Kd3 $1 $18 Bh6 (40... Nf6 $142 41. Re3 Ne4) 41. Kc4 Nc7 42. d5 f4 (42... Bg7 $142) 43. Rd3 Rf6 44. Na4 f3 45. Rxf3 Rxf3 46. gxf3 {[%emt 0:00:00][%mdl 4096] Endgame KBN-KBN} Bd2 (46... Ne8 $142 47. Bb6+ Ke7 48. Bxa5 Nd6+ 49. Kd3 Nf7) 47. Bb6 Kc8 48. Bxc7 Kxc7 {[%emt 0:00:04] KB-KN} 49. Nc5 Be1 50. Ne4 Kb6 51. h3 Bb4 52. Ng5 Be7 53. Nf7 {[%emt 0:00:00] Strongly threatening d6.} Bf6 54. f4 Bh4 55. Ne5 Bxf2 56. Nxg6 Kc7 57. f5 {[%emt 0:00:00] Weighted Error Value: White=0.13 (very precise) /Black=0.26 (precise)} 1-0

[Event "Dutch Open 2022"]
[Site "Dieren"]
[Date "2022.08.01"]
[Round "6.6"]
[White "Mollema, Thomas"]
[Black "Elgersma, Onno"]
[Result "1/2-1/2"]
[ECO "E04"]
[WhiteElo "2235"]
[BlackElo "2316"]
[Annotator "TA"]
[PlyCount "92"]
[EventDate "2022.07.14"]
[EventType "swiss"]
[EventCountry "NED"]
[SourceTitle "playchess.com"]
[Source "ChessBase"]
[SourceQuality "1"]
[TimeControl "40/5400+30:1800+30"]

1. d4 Nf6 2. c4 e6 3. Nf3 Bb4+ 4. Bd2 a5 5. g3 d5 6. Bg2 O-O 7. O-O dxc4 8. Bxb4 axb4 9. Ne5 $1 Nc6 {[%emt 0:04:27] E04: Open Catalan: 5 Nf3.} 10. Nxc6 (10. Nd2 {keeps more tension.} Nxe5 11. dxe5 c3 12. bxc3 bxc3 13. exf6 cxd2 14. fxg7 Kxg7 15. Qc2) 10... bxc6 11. e3 Qd6 {[%emt 0:03:14] [#] Black is slightly better.} 12. Qc1 $146 ({Predecessor:} 12. Nd2 Ba6 13. Re1 e5 14. Nf3 e4 15. Nd2 Rfe8 16. Qc2 Qe6 17. Rec1 c3 18. bxc3 {½-½ (58) Solomon,K (2375)-Amdouni,Z (2248) Hammamet 2019}) 12... Ba6 13. Rd1 Nd5 14. Nd2 $1 c3 15. Ne4 Qe7 16. Nc5 cxb2 17. Qxb2 Rfb8 18. Rdc1 {[%emt 0:02:47][%mdl 1024] White has compensation.} h6 (18... Qd8 $11) 19. h3 ({Better is} 19. a4 $14) 19... Bc8 (19... Bb5 {with more complications.} 20. a3 bxa3 21. Rxa3 Qe8) 20. Nd3 Bd7 21. Rc4 Rb6 22. Kh2 Rab8 (22... Bc8 $11 {was preferrable.} 23. Bxd5 exd5 24. Rxb4 Rab8 25. Rxb6 Rxb6) 23. Qd2 b3 24. axb3 Rxb3 25. Ra7 Be8 26. Nc5 Rb2 27. Rc2 Rxc2 28. Qxc2 Nb4 29. Qe4 Qd6 30. Ra5 Nd5 31. Ra7 Nc3 32. Qc2 Nb5 33. Ra4 Qd8 34. Nd3 Ra8 35. Rb4 Ra6 36. Ne5 Qd6 37. Ra4 Rxa4 38. Qxa4 Qd8 {[%emt 0:01:25] Inhibits Qa8.} 39. Bxc6 Nd6 {[%emt 0:00:11] The position is equal.} 40. Bxe8 (40. h4 {is more complex.} Qb8 41. Bxe8 Nxe8 42. Qd7) 40... Qxe8 $11 {[%emt 0:00:44][%mdl 4096] Endgame KQN-KQN} 41. Qa7 Qd8 42. Kg1 Ne4 43. Qb7 Nd6 44. Qa7 Ne4 45. Qb7 Nd6 46. Qa7 Ne4 {[%emt 0:00:09] An interesting draw.  Weighted Error Value: White=0.11 (very precise) /Black=0.10 (very precise)} 1/2-1/2

[Event "Dutch Open 2022"]
[Site "Dieren"]
[Date "2022.08.01"]
[Round "6.7"]
[White "Van Baar, Esper"]
[Black "Bus, Tom"]
[Result "0-1"]
[ECO "B51"]
[WhiteElo "2281"]
[BlackElo "2102"]
[Annotator "TA"]
[PlyCount "74"]
[EventDate "2022.07.14"]
[EventType "swiss"]
[EventCountry "NED"]
[SourceTitle "playchess.com"]
[Source "ChessBase"]
[SourceQuality "1"]
[TimeControl "40/5400+30:1800+30"]

1. e4 c5 2. Nf3 d6 3. Bb5+ Nd7 4. a4 Ngf6 5. Nc3 a6 6. Be2 {[%emt 0:00:12] B51: Sicilian: Moscow Variation (3 Bb5+) without 3...Bd7.} b6 7. d4 cxd4 8. Qxd4 {[%emt 0:00:14] The position is equal.} e5 9. Qe3 Be7 10. O-O O-O 11. Nd2 Bb7 12. Rd1 Qc7 13. Nc4 Rad8 14. b3 (14. b4 $14) 14... Nxe4 15. Nxe4 $16 d5 {[%emt 0:01:06] [#]} 16. Ng3 $146 ({Predecessor:} 16. Qg3 Kh8 17. Ng5 dxc4 18. Bxc4 Bxg5 19. Qxg5 Nc5 20. Ba3 f6 21. Qe3 a5 22. Be2 {½-½ (36) Martin Barcelo,C (2198)-Hernandez,C (2374) Barcelona 2021}) 16... dxc4 17. Nf5 $1 Bf6 18. Ba3 $1 cxb3 ({Black should play} 18... Nc5 $14) 19. cxb3 (19. Bxf8 $18 Nxf8 20. Rxd8 Bxd8 21. cxb3) 19... Nc5 $14 20. a5 $1 {[%emt 0:09:06] Black must now prevent axb6.} Qc6 {[%emt 0:05:39][%csl Gb7][%cal Rc6g2] [#]} 21. Bf1 Qe6 {[%emt 0:02:20] [#]} 22. Ng3 (22. axb6 $1 $16 Qxf5 23. Bxc5) 22... Nxb3 $17 {[%emt 0:04:59] Black is more active.} 23. Bxf8 Nxa1 ({Resist} 23... Rxf8 24. Rab1 $18) (23... Kxf8 $6 24. Rxd8+ Bxd8 25. Qd3 $14) 24. Rxa1 {[%emt 0:00:04] aiming for Bb4.} e4 (24... Kxf8 $17 25. axb6 e4) 25. Rb1 Bd4 $19 ({Not} 25... Kxf8 26. Rxb6 Qd5 27. Nf5 Qxf5 28. Rxb7 $15) (25... Rxf8 26. Qxb6 Bc6 27. Qxa6 $15) 26. Qg5 Rxf8 ({Worse is} 26... Qa2 27. Ne2 Bf6 28. Qc1 $17) 27. axb6 $2 (27. Rd1 h6 28. Qf5) 27... Qa2 28. Ne2 Qxb1 29. Nxd4 Qxb6 30. Nf5 Qf6 31. Ne7+ Kh8 32. Qc5 Re8 33. Nf5 Qe5 34. Qb6 Qxf5 35. Qxb7 a5 36. Bc4 Qc5 37. Qxf7 Rf8 {[%emt 0:00:00] Weighted Error Value: White=0.63/Black=0.20 (precise)} 0-1